 Dungeon Crawl Stone Soup version 0.27-a0-1256-gced786f65e (webtiles) character file.

Game seed: 481367965260150120

317 wakim the Insei (level 6, 0/38 HPs)
             Began as an Octopode Transmuter on June 10, 2021.
             Slain by a lemure (2 damage)
             ... led by Pikel
             ... on level 3 of the Dungeon.
             The game lasted 00:07:39 (3628 turns).

wakim the Insei (Octopode Transmuter)               Turns: 3628, Time: 00:07:40

Health: 0/38       AC:  1    Str: 16    XL:     6   Next: 45%
Magic:  8/9        EV: 14    Int: 16    God:
Gold:   61         SH:  0    Dex: 13    Spells: 5/9 levels left

rFire    . . .     SeeInvis .     - Unarmed
rCold    . . .     Faith    .   (no shield)
rNeg     . . .     Spirit   .   (helmet currently unavailable)
rPois    .         Reflect  .   (no amulet)
rElec    .         Harm     .   b - +6 ring of strength
rCorr    .         Rampage  .   (no ring)
Will     .....                  (no ring)
Stlth    +++.......             (no ring)
HPRegen  0.12/turn              (no ring)
MPRegen  0.11/turn              (no ring)
                                (no ring)
                                (no ring)

@: appendages (expiring)
A: tentacle spike 3, almost no armour, amphibious, 8 rings, camouflage 1,
gelatinous body 1, (nimble swimmer 1), tentacles
a: End Transformation


You were on level 3 of the Dungeon.
One of your tentacles had grown a beastly spike.
You visited 1 branch of the dungeon, and saw 4 of its levels.

You collected 61 gold pieces.

Inventory:

Armour
 g - the +2 shield of Resistance {rF++ rC++ Will++}
   (You acquired it on level 3 of the Dungeon)

   It greatly protects you from fire.
   It greatly protects you from cold.
   It greatly increases your willpower.
Jewellery
 b - a +6 ring of strength (left tentacle)
 d - a +4 ring of evasion
Scrolls
 r - a scroll of identify
Potions
 a - a potion of lignification {unknown}
 c - a potion of heal wounds {unknown}
 e - a potion of ambrosia {unknown}
 F - a potion of curing
 H - 2 potions of haste


   Skills:
 - Level 1.0 Fighting
 + Level 4.4 Dodging
 - Level 4.0 Stealth
 * Level 1.2 Shields
 + Level 4.6 Unarmed Combat
 - Level 2.0 Spellcasting
 - Level 2.0 Transmutations


You had 5 spell levels left.
You knew the following spells:

 Your Spells              Type           Power      Damage    Failure   Level
a - Beastly Appendage     Tmut           16%        N/A       9%          1
x - Spider Form           Tmut/Pois      2%         N/A       38%         3

Your spell library contained the following spells:

 Spells                   Type           Power      Damage    Failure   Level
 Wereblood                Tmut           8%         N/A       14%         2
 Ice Form                 Ice/Tmut       4%         N/A       80%         4


Dungeon Overview and Level Annotations

Branches:
Dungeon (4/15)
 Temple: D:4-7

Altars:

Shops:
D:3 (

Annotations:
D:3 1 runed translucent door, Crazy Yiuf
D:4 Pikel


Innate Abilities, Weirdness & Mutations

One of your tentacles has grown a beastly spike.
You cannot wear most types of armour.
You are amphibious.
You can wear up to eight rings at the same time.
Your skin changes colour to match your surroundings (Stealth+).
Your rubbery body absorbs attacks. (AC +1, EV +1)
((You are camouflaged near water. (Stealth+)))
You have tentacles for arms and can constrict up to eight enemies at once.


Message History

Casting: Spider Form (quite dangerous; 38% risk of failure)
Confirm with . or Enter, or press ? or * to list all spells.
You miscast Beastly Appendage.
You are very lightly contaminated with residual magic.
Nothing appears to happen.
Casting: Beastly Appendage (safe; 9% risk of failure)
Confirm with . or Enter, or press ? or * to list all spells.
One of your tentacles grows a vicious spike.
The lemure hits you!
You tentacle-slap the lemure. Your grab misses the lemure.
You pierce the lemure, but do no damage.
The lemure is lightly wounded.
The lemure hits you.
You barely miss the lemure. Your grab misses the lemure.
You pierce the lemure.
The lemure is moderately wounded.
You closely miss the lemure. You grab the lemure.
The lemure is moderately wounded.
You constrict the lemure. The lemure barely misses you.
You tentacle-slap the lemure. You squeeze the lemure.
The lemure is heavily wounded.
You constrict the lemure, but do no damage.
The lemure hits you.
* * * LOW HITPOINT WARNING * * *
You tentacle-slap the lemure.
You pierce the lemure!
The lemure is almost dead.
You constrict the lemure. The lemure hits you!
* * * LOW HITPOINT WARNING * * *
You release your grip on the lemure.
Your magical contamination has completely faded away.
There is a stone staircase leading up here.
Your transformation is almost over.
The lemure hits you!
* * * LOW HITPOINT WARNING * * *
The killer bee barely misses you.
You climb upwards.
Level annotation: 1 runed translucent door, Crazy Yiuf
There is a stone staircase leading down here.
There is an open door here.
The lemure hits you.
You die...

## #........# #.#......... .###
#........# #..)....#.## .8.#
#........#######....#.# ...#
###.................#.# ..##
#######....###.####.## ######
#....# #........ .....# #....#
######.##
####.#############....########...
................@5>...+..........
####.########.####....###########
.###..# #.# #....# ......# #.#
#....# ####..## #.# #....# #
#...# #.# ###### # #.#.######.###
# #.#..#.......#######
#.##.#.###.#.......#


You could see a lemure.

Vanquished Creatures
  Sigmund (D:3)
  Jessica (D:3)
  Terence (D:3)
  3 adders
  A worm (D:3)
  3 orcs (D:3)
  5 bats
  11 endoplasms
  3 giant cockroaches
  9 goblins
  8 hobgoblins
  4 quokkas
  5 ball pythons
  2 frilled lizards (D:1)
  8 kobolds (D:1)
  9 rats
74 creatures vanquished.

Vanquished Creatures (others)
  5 plants (D:1)
5 creatures vanquished.

Grand Total: 79 creatures vanquished

Notes
Turn   | Place    | Note
-------+----------+-------------------------------------------
     0 | D:1      | wakim the Octopode Transmuter began the quest for the Orb.
     0 | D:1      | Reached XP level 1. HP: 13/13 MP: 3/3
    55 | D:1      | Reached skill level 1 in Stealth
   219 | D:1      | Reached XP level 2. HP: 17/18 MP: 5/5
   434 | D:1      | Reached XP level 3. HP: 11/23 MP: 4/6
   879 | D:1      | Learned a level 3 spell: Spider Form
  1156 | D:1      | Found a faded altar of an unknown god.
  1490 | D:2      | Reached XP level 4. HP: 27/28 MP: 5/7
  1898 | D:3      | Noticed Sigmund
  1910 | D:3      | Killed Sigmund
  1911 | D:3      | Reached XP level 5. HP: 29/33 MP: 5/8
  1991 | D:3      | Reached XP level 6. HP: 37/38 MP: 9/9
  2038 | D:3      | Found Dasso's Antique Weapon Shop.
  2406 | D:3      | Found a runed translucent door.
  2407 | D:3      | Noticed Crazy Yiuf
  2529 | D:3      | Identified a scroll of acquirement
  2529 | D:3      | Acquired the +2 shield of Resistance {rF++ rC++ Will++}
  2530 | D:3      | Found the +2 shield of Resistance {rF++ rC++ Will++}
  2992 | D:3      | Noticed Terence
  3003 | D:3      | Killed Terence
  3285 | D:3      | Noticed Jessica
  3293 | D:3      | Killed Jessica
  3294 | D:3      | Reached skill level 1 in Shields
  3595 | D:4      | Noticed Pikel
  3628 | D:3      | Slain by a lemure

Illustrated notes

Levels and vault maps discovered:
D:1:      minmay_arrival_hallway, layout_rooms,
          hellmonk_ecumenical_altar_leap_of_faith, serial_bayou_pond_b,
          minmay_bisected
D:2:      layout_basic, hangedman_abyss_or_decor_stabs
D:3:      layout_basic, serial_shops, shop_statue, uniq_crazy_yiuf_cottage,
          uniq_jessica, uniq_sigmund, uniq_terence
D:4:      layout_basic, fedhas_altar_2, minmay_temple_entry_glass, uniq_pikel,
          uniq_blork_the_orc

Skill      XL: |  1  2  3  4  5  6 |
---------------+-------------------+-----
Stealth        | 1 2 3 4 |  4.0
Dodging        | 4 |  4.4
Unarmed Combat | 4 |  4.6
Shields        | 1 |  1.2
Fighting       | |  1.0
Spellcasting   | |  2.0
Transmutations | |  2.0

Action                   |  1- 3 |  4- 6 || total
-------------------------+-------+-------++-------
Melee: Unarmed           |    87 |    60 ||   147
       Kick              |    20 |    13 ||    33
       Tentacles         |    14 |     6 ||    20
       Constrict         |    16 |    16 ||    32
       Punch             |     1 |     1 ||     2
 Cast: Beastly Appendage |    15 |    11 ||    26
       Spider Form       |       |     3 ||     3
  Use: Scroll            |     2 |     2 ||     4
       Potion            |       |     1 ||     1
 Stab: Sleeping          |     3 |     2 ||     5
Armor: Skin              |     4 |     1 ||     5
Dodge: Dodged            |    40 |    30 ||    70

Table legend: (Time is in decaauts)
 A = Elapsed time spent in this place.
 B = Non-inter-level travel time spent in this place.
 C = Inter-level travel time spent in this place.
 D = Time resting spent in this place.
 E = Time spent auto-exploring this place.
 F = Levels seen in this place.
 G = Mean time per level.
                   A        B        C        D        E       F      G
               +--------+--------+--------+--------+--------+-----+--------+
         Total |   3617 |   3469 |    148 |      0 |   2904 |   4 |  904.2 |
       Dungeon |   3617 |   3469 |    148 |      0 |   2904 |   4 |  904.2 |
               +--------+--------+--------+--------+--------+-----+--------+

Top non-repeatable levels by time:
     D:3: 1721 daAuts
     D:1: 1416 daAuts
     D:2: 426 daAuts
     D:4: 53 daAuts
